 Dungeon Crawl Stone Soup version 0.29-a0-1009-g60c99734e7 (webtiles) character file.

Game seed: 9051515037222220707

16 spaghetti the Caller (level 2, -7/26 HPs)
             Began as an Ogre Summoner on Aug 8, 2022.
             Mangled by a goblin
             ... wielding a +2 dagger of electrocution
              (9 damage)
             ... on level 1 of the Dungeon.
             The game lasted 00:01:12 (953 turns).

spaghetti the Caller (Ogre Summoner)                 Turns: 953, Time: 00:01:13

Health: -7/26      AC:  3    Str: 11    XL:     2   Next: 58%
Magic:  3/6        EV:  9    Int: 16    God:
Gold:   9          SH:  0    Dex:  9    Spells: 6/7 levels left

rFire   . . .      SeeInvis .   (no weapon)
rCold   . . .      Faith    .   (no shield)
rNeg    . . .      Spirit   .   a - +0 robe
rPois   .          Reflect  .   (helmet restricted)
rElec   .          Harm     .   (no cloak)
rCorr   .          Rampage  .   (gloves unavailable)
Will    .....                   (boots unavailable)
Stlth   +.........              (no amulet)
HPRegen 0.08/turn               (no ring)
MPRegen 0.10/turn               (no ring)

@: attractive
A: large, unfitting armour, tough skin 1
a: no special abilities


You were on level 1 of the Dungeon.
You visited 1 branch of the dungeon, and saw 2 of its levels.

You collected 9 gold pieces.


Innate Abilities, Weirdness & Mutations

You are too large for most types of armour.
You have tough skin. (AC +1)


   Skills:
 + Level 0.7 Fighting
 - Level 1.7 Dodging
 - Level 1.4 Stealth
 + Level 3.0 Spellcasting
 + Level 3.9 Summonings


You had 6 spell levels left.
You knew the following spells:

 Your Spells              Type           Power      Damage    Failure   Level
a - Summon Small Mammal   Summ           60%        N/A       3%          1

Your spell library contained the following spells:

 Spells                   Type           Power      Damage    Failure   Level
 Call Imp                 Summ           15%        N/A       5%          2
 Call Canine Familiar     Summ           15%        N/A       11%         3
 Summon Guardian Golem    Hex/Summ       8%         N/A       26%         3
 Summon Lightning Spire   Summ/Air       8%         N/A       63%         4

Inventory:

Hand Weapons
 e - a +0 club {mace}
   (You took it off a goblin on level 1 of the Dungeon)
 g - a +0 short sword {short}
   (You took it off a kobold on level 1 of the Dungeon)
 h - a +0 short sword {short}
   (You took it off a kobold on level 1 of the Dungeon)
Armour
 a - a +0 robe (worn)
Scrolls
 c - a scroll of fog {unknown}
 i - a scroll of identify {unknown}
Potions
 b - a potion of magic
 d - a potion of attraction {!q}
 f - a potion of heal wounds {unknown}

Dungeon Overview and Level Annotations

Branches:
Dungeon (2/15) Zot: 11046

Altars:

### #.. #=#
####.##
#.....
#.##r# #
#.##g##.###.
#..b@.......
#..#g##.####
#..#.##.#
#.......#
##.#.####
#.#.#
######.#.#
#......#.#
#>######.#


You could see a hobgoblin (ally target), a goblin, a friendly bat (summoned) and
a friendly rat (summoned).


Message History

You hit the adder.
You kill the adder!
Your Spellcasting skill increases to level 3! 😮 HP[+1]
You now have 26 max hp (+2).
You swap places.
There is a stone staircase leading up here.
You climb upwards.
Your summoned allies are left behind.
There is a stone staircase leading down here. 😮 HP[+1] MP[+1]
You start resting. 😮 HP[+1] MP[+2]
Your mp is fully restored (6).
Key pressed, stopping explore.
d - 2 inky potions (gained 1)
A goblin comes into view.
It is wielding a +2 dagger of electrocution. 😎 HP[+10]
Your hp is fully restored (26).
A goblin is nearby!
A goblin is nearby!
A goblin is nearby!
The goblin shouts!
Casting: Summon Small Mammal (safe; 3% risk of failure)
Confirm with . or Enter, or press ? or * to list all spells.
😎 MP[-1]
You lost 1 mp, and now have 5/6 mp.
Casting: Summon Small Mammal (safe; 3% risk of failure)
Confirm with . or Enter, or press ? or * to list all spells.
Your bat barely misses the goblin. 😎 MP[-1]
You lost 1 mp, and now have 4/6 mp.
A hobgoblin comes into view.
The hobgoblin shouts!
Your bat barely misses the goblin.
Your bat misses the goblin. The goblin barely misses your bat.
Your bat closely misses the goblin.
The goblin hits your bat with a +2 dagger of electrocution.
Casting: Summon Small Mammal (safe; 3% risk of failure)
Confirm with . or Enter, or press ? or * to list all spells.
You don't know that spell.
Memorise Call Imp, consuming 2 spell levels and leaving 4?
Your bat hits the goblin. The goblin misses your bat.
You start memorising the spell.
You continue memorising.
Your bat hits the goblin. The hobgoblin hits you.
Your memorisation is interrupted.
The goblin hits your bat with a +2 dagger of electrocution.
Your bat dies!
Your bat's corpse disappears in a puff of smoke! 😕 HP[-1]
You take 1 damage, and now have 25/26 hp.
Unknown command.
Unknown command.
You hit the hobgoblin. The goblin closely misses your rat.
The hobgoblin hits you.
Your rat misses the goblin. 😕 HP[-1]
You take 1 damage, and now have 24/26 hp.
You barely miss the hobgoblin.
The goblin hits your rat with a +2 dagger of electrocution.
Your rat dies!
Your rat's corpse disappears in a puff of smoke!
The hobgoblin barely misses you.
Casting: Summon Small Mammal (safe; 3% risk of failure)
Confirm with . or Enter, or press ? or * to list all spells.
The hobgoblin barely misses you.
Casting: Summon Small Mammal (safe; 3% risk of failure)
Confirm with . or Enter, or press ? or * to list all spells.
Your bat closely misses the hobgoblin.
The hobgoblin hits you but does no damage.
Your bat barely misses the hobgoblin. 😕 MP[-1]
You lost 1 mp, and now have 3/6 mp.
You closely miss the hobgoblin.
Your bat barely misses the hobgoblin.
Your bat hits the hobgoblin. The hobgoblin barely misses you.
Your rat closely misses the hobgoblin.
Your bat barely misses the hobgoblin.
You hit the hobgoblin.
Your bat closely misses the hobgoblin.
Your bat hits the hobgoblin but does no damage.
The hobgoblin hits you.
Your rat barely misses the hobgoblin.
Your bat barely misses the hobgoblin. 😕 HP[-1]
You take 1 damage, and now have 23/26 hp.
You hit the hobgoblin.
Your bat closely misses the hobgoblin.
Your bat hits the hobgoblin but does no damage.
The hobgoblin hits you but does no damage.
The goblin hits you with a +2 dagger of electrocution.
You are electrocuted!!
Ouch! That really hurt!
* * * LOW HITPOINT WARNING * * *
Your rat bites the hobgoblin but does no damage.
Your bat barely misses the goblin. 😱 HP[-20]
You take 20 damage, and now have 3/26 hp.
MASSIVE DAMAGE!! (PAUSE)
Okay, then.
It was a potion of attraction.
You feel attractive to monsters. The hobgoblin closely misses you.
The goblin hits you with a +2 dagger of electrocution.
* * * LOW HITPOINT WARNING * * *
You are electrocuted!
You die...

Skill      XL: |  1  2 |
---------------+-------+-----
Spellcasting   | 3 |  3.0
Fighting       | |  0.7
Dodging        | |  1.7
Stealth        | |  1.4
Summonings     | |  3.9

Action                   || total
-------------------------++-------
Melee: Unarmed           ||    36
Throw: Stone             ||     3
 Cast: Summon Small Mamm ||    17
  Use: Potion            ||     1
 Stab: Distracted        ||     1
Armor: Robe              ||     7
Dodge: Dodged            ||    19

Levels and vault maps discovered:
D:1:      amcnicky_arrival_wind_blow, layout_loops_ring, corexii_hall_statues_t
D:2:      layout_basic

Notes
Turn   | Place    | Note
-------+----------+-------------------------------------------
     0 | D:1      | spaghetti the Ogre Summoner began the quest for the Orb.
     0 | D:1      | Reached XP level 1. HP: 16/16 MP: 3/3
     0 | D:1      | magus.rc [v1.9.6]
   645 | D:1      | Reached XP level 2. HP: 16/24 MP: 2/5
   764 | D:1      | You fall into a shaft and drop 1 floor!
   781 | D:2      | Reached skill level 3 in Spellcasting
   952 | D:1      | HP: 3/26 [goblin/+2 dagger of electrocution (18)]
   953 | D:1      | Mangled by a goblin

Vanquished Creatures
  An adder (D:2)
  An endoplasm (D:1)
  2 kobolds (D:1)
4 creatures vanquished.

Vanquished Creatures (collateral kills)
  An endoplasm (D:1)
  A goblin (D:1)
  A quokka (D:1)
  A ball python (D:1)
4 creatures vanquished.

Grand Total: 8 creatures vanquished

Table legend:
 A = Non-vault XP
 B = Vault XP
 C = Vault XP percentage of total XP
 D = Non-vault monster count
 E = Vault monster count
 F = Vault count percentage of total count
                 A         B        C        D         E       F
            +---------+---------+-------+---------+---------+-------
      Total |      24 |       0 |   0.0 |       8 |       0 |   0.0
            +---------+---------+-------+---------+---------+-------
        D:1 |      11 |       0 |   0.0 |       7 |       0 |   0.0
        D:2 |      13 |       0 |   0.0 |       1 |       0 |   0.0
            +---------+---------+-------+---------+---------+-------

Illustrated notes

Table legend:
 A = Kills in this place as a percentage of kills in entire the game.
 B = Kills by you in this place as a percentage of kills by you in the entire game.
 C = Kills by friends in this place as a percentage of kills by friends in the entire game.
 D = Other kills in this place as a percentage of other kills in the entire game.
 E = Experience gained in this place as a percentage of experience gained in the entire game.
 F = Experience gained in this place divided by the number of levels of this place that you have seen.
                   A       B       C       D       E      F
               +-------+-------+-------+-------+-------+----------------------
         Total | 100.0 | 100.0 | 100.0 |   N/A | 100.0 |  12.0
       Dungeon | 100.0 | 100.0 | 100.0 |   N/A | 100.0 |  12.0
               +-------+-------+-------+-------+-------+----------------------

Table legend: (Time is in decaauts)
 A = Elapsed time spent in this place.
 B = Non-inter-level travel time spent in this place.
 C = Inter-level travel time spent in this place.
 D = Time resting spent in this place.
 E = Time spent auto-exploring this place.
 F = Levels seen in this place.
 G = Mean time per level.
                   A        B        C        D        E       F      G
               +--------+--------+--------+--------+--------+-----+--------+
         Total |    952 |    952 |      0 |     19 |    828 |   2 |  476.0 |
       Dungeon |    952 |    952 |      0 |     19 |    828 |   2 |  476.0 |
               +--------+--------+--------+--------+--------+-----+--------+

Top non-repeatable levels by time:
     D:1: 934 daAuts
     D:2: 18 daAuts
